cohdb
Replays
Latest Replays
All Replays
Popular Replays
Top Player Replays
Match Explorer
How It Works
Community
CoH3 Stats
Reddit
Sign in to upload your games and track your stats! →
Sign in with Steam
Match 43678473
Unlisted
Match 43678473
Overview
Messages
Build Orders
End
Selects Italian Coastal Battlegroup
Selects Coastal Reserves
Coastal Reserve
Construct Infanterie Kompanie
Grenadier Squad
Grenadier Squad
Construct Panzergrenadier Kompanie
MG 42 Machine Gun Team
251 Medium Carrier
Pak 40 Anti-tank Gun Team
Support Elements
Selects Designate Defensive Line
Selects Rapid Fortifications
Rapid Fortifications
Panzergrenadier Squad
Medical Bunker
StuG III G Assault Gun
Selects Artillery Officer
Panzergrenadier Squad
Pioneer Squad
Selects Obice da 210/22 Artillery Emplacement
StuG III G Assault Gun
Grenadier Squad
Rapid Fortifications
Selects Bulwark
MG 42 Bunker
StuG III G Assault Gun
Coastal Reserve
STEVEBUSMILK
Melon121
0
0
Comments
sign in to comment!
No comments posted yet!